 Dungeon Sprint DCSS version 0.29.1-15-g9cfb28693d (webtiles) character file.

Game seed: 7293608601651136643

498 Iago the Grappler (level 6, 0/106 HPs)
             Began as a Troll Berserker on Feb 24, 2023.
             Was a Priest of Trog.
             Succumbed to a killer bee's poison
             ... in the Dungeon (Sprint IV: "Fedhas' Mad Dash").
             The game lasted 00:03:25 (280 turns).

Iago the Grappler (Troll Berserker)                  Turns: 280, Time: 00:03:26

Health: 0/106      AC:  4    Str: 28    XL:     6   Next: 94%
Magic:  5/5        EV: 11    Int:  3    God:    Trog [***...]
Gold:   48         SH:  0    Dex:  9    Spells: 5/5 levels left

rFire   . . .      SeeInvis .     - Unarmed
rCold   . . .      Faith    .   (no shield)
rNeg    . . .      Spirit   .   a - +0 animal skin
rPois   .          Reflect  .   (helmet restricted)
rElec   .          Harm     .   (no cloak)
rCorr   .          Rampage  .   (gloves unavailable)
Will    .....      NoTele   +   (boots unavailable)
Stlth   ..........              i - amulet of invisibility {+Inv}
HPRegen 1.07/turn               (no ring)
MPRegen 0.09/turn               (no ring)

@: berserking (expiring), lethally poisoned (0 -> 0), very quick
A: large, unfitting armour, claws 3, regeneration 1, shaggy fur 1, tough skin 1
a: Renounce Religion, Evoke Invisibility, Berserk, Trog's Hand


You were in the Dungeon.
You worshipped Trog.
Trog was most pleased with you.
You visited 1 branch You collected 48 gold pieces.

Inventory:

Armour
 a - a +0 animal skin (worn)
Jewellery
 i - the amulet of invisibility (around neck) {+Inv}
   (You found it in the Dungeon)

   [amulet of nothing]

   +Inv:      It lets you turn invisible.
Scrolls
 g - a scroll of blinking
Potions
 b - a potion of curing
 c - a potion of heal wounds
 d - a potion of haste
 e - 2 potions of magic
 f - a potion of berserk rage
 h - a potion of resistance {unknown}


   Skills:
 * Level 7.1 Fighting
 * Level 7.3 Dodging
 * Level 9.9 Unarmed Combat
 + Level 1.1 Evocations


You had 5 spell levels left.
You didn't know any spells.
Your spell library was empty.

Dungeon Overview and Level Annotations

Branches:
Dungeon (1/1)

Altars:
Cheibriados
Gozag
Hepliaklqana
Makhleb
Nemelex Xobeh
Ru
Sif Muna
Trog
Wu Jian
Xom
Yredelemnul
Jiyva

Annotations:
D exclusion: oklob sapling


Innate Abilities, Weirdness & Mutations

You are too large for most types of armour.
You have claws for hands.
Your natural rate of healing is unusually fast.
You are covered in fur. (AC +1)
You have tough skin. (AC +1)


Message History

The killer bee is heavily wounded.
You feel sick. The killer bee stings you!
* * * LOW HITPOINT WARNING * * *
The killer bee closely misses you. The killer bee stings you.
* * * LOW HITPOINT WARNING * * *
You mangle the killer bee!!
You kill the killer bee!
Trog accepts your kill.
You feel sick. The killer bee stings you!
* * * LOW HITPOINT WARNING * * *
Your Fighting skill increases to level 6!
Your Dodging skill increases to level 6!
Your Unarmed Combat skill increases to level 8!
You mangle the killer bee!!
You kill the killer bee!
Trog accepts your kill.
* * * LOW HITPOINT WARNING * * *
You feel sick.
You have reached level 6!
You feel stronger.
You eviscerate the queen bee!!!
You feel the power of Trog in you as your rage grows.
You kill the queen bee!
Trog accepts your kill.
* * * LOW HITPOINT WARNING * * *
You feel sick.
Your Fighting skill increases to level 7!
Your Dodging skill increases to level 7!
Your Unarmed Combat skill increases to level 9!
Your Evocations skill increases to level 1!
You are too berserk!
You are too berserk!
There is a lethal amount of poison in your body!
* * * LOW HITPOINT WARNING * * *
You feel sick.
You see here a killer bee corpse.
You feel a strong urge to attack something.
* * * LOW HITPOINT WARNING * * *
You feel sick.
You die...

#########################
#<..P#.....#.....#.⌠._._.
#PP..'.[...'.#...'.._._._
#PPPP#.....#.#...#..._._P
###############'##.._._._
...♣......@.'...#._._._.
......♣††...#...########
. ♣†.♣..###### #+#####


There were no monsters in sight!

Vanquished Creatures
  A queen bee (D)
  A scorpion (D)
  4 killer bees (D)
  2 oklob saplings (D)
  A river rat (D)
  A rat (D)
10 creatures vanquished.

Notes
Turn   | Place    | Note
-------+----------+-------------------------------------------
     0 | D        | Iago the Troll Berserker began the quest for the Orb.
     0 | D        | Reached XP level 1. HP: 22/22 MP: 0/0
     8 | D        | Reached XP level 2. HP: 26/31 MP: 1/1
    13 | D        | Noticed an oklob sapling
    19 | D        | Killed an oklob sapling
    19 | D        | Reached ** piety under Trog
    20 | D        | Reached skill level 4 in Unarmed Combat
    20 | D        | Reached XP level 3. HP: 39/39 MP: 2/2
   168 | D        | Noticed a scorpion
   168 | D        | Found the amulet of invisibility {+Inv}
   170 | D        | Killed a scorpion
   171 | D        | Reached skill level 5 in Unarmed Combat
   171 | D        | Reached XP level 4. HP: 49/49 MP: 3/3
   221 | D        | Found an opulent altar of Gozag.
   221 | D        | Found a hazy altar of Hepliaklqana.
   221 | D        | Found a burning altar of Makhleb.
   221 | D        | Found a sparkling altar of Nemelex Xobeh.
   221 | D        | Found a snail-covered altar of Cheibriados.
   221 | D        | Found a sacrificial altar of Ru.
   221 | D        | Found a shimmering blue altar of Sif Muna.
   221 | D        | Found a shimmering altar of Xom.
   221 | D        | Found a basalt altar of Yredelemnul.
   222 | D        | Found a viscous altar of Jiyva.
   222 | D        | Found a bloodstained altar of Trog.
   222 | D        | Found an ornate altar of the Wu Jian Council.
   232 | D        | Reached skill level 5 in Fighting
   232 | D        | Reached skill level 6 in Unarmed Combat
   264 | D        | Noticed a queen bee
   271 | D        | Reached skill level 5 in Dodging
   271 | D        | Reached skill level 7 in Unarmed Combat
   271 | D        | Reached XP level 5. HP: 57/57 MP: 4/4
   272 | D        | Reached *** piety under Trog
   275 | D        | HP: 3/88 [killer bee (12)]
   276 | D        | Reached skill level 8 in Unarmed Combat
   276 | D        | HP: 1/88 [poisoned by a killer bee]
   277 | D        | Reached XP level 6. HP: 2/68 MP: 5/5
   277 | D        | Killed a queen bee
   278 | D        | Reached skill level 9 in Unarmed Combat
   278 | D        | Reached skill level 1 in Evocations
   280 | D        | Succumbed to a killer bee's poison

Illustrated notes

Levels and vault maps discovered:
D:        dungeon_sprint_fedhas [sprint_temple]

Skill      XL: |  1  2  3  4  5  6 |
---------------+-------------------+-----
Fighting       | 3 4 5 6 7 |  7.1
Dodging        | 3 4 5 6 7 |  7.3
Unarmed Combat | 4 5 7 8 9 |  9.9
Evocations     | 1 |  1.1

Action                   |  1- 3 |  4- 6 || total
-------------------------+-------+-------++-------
Melee: Unarmed           |     7 |    13 ||    20
Invok: Berserk           |     2 |     1 ||     3
 Abil: Evoke Invisibilit |       |     1 ||     1
Armor: Animal skin       |     2 |     1 ||     3
Dodge: Dodged            |     1 |     4 ||     5
